 Dungeon Crawl Stone Soup version bcrawl-1.40.3b (webtiles) character file.

Game seed: 17112047958683256332

300992 Finalfun the Distorting Draconian (level 8, -2/68 HPs)
             Began as a Green Draconian Archaeologist on Mar 21, 2024.
             Was a Believer of Lugonu.
             Slain by a hippogriff (8 damage)
             ... on level 5 of the Dungeon.
             The game lasted 00:16:38 (4373 turns).

Finalfun the Distorting Draconian (DrAc)            Turns: 4373, Time: 00:16:39

Health: -2/68      AC:  9    Str: 16    XL:     8   Next: 65%
Magic:  13/13      EV:  8    Int: 15    God:    Lugonu [**....]
Gold:   274        SH:  8    Dex:  9    Spells: 7/7 levels left

rFire    . . .     GDR:     21% a - +2 whip (freeze)
rCold    . . .     SeeInvis .   D - +0 medium shield (curse)
rNeg     + . .     Gourm    .   (armour unavailable)
rPois    +         Faith    .   c - +1 hat
rElec    +         Spirit   .   (no cloak)
rCorr    .         Reflect  .   (no gloves)
MR       .....                  d - +1 pair of boots
Stlth    ++........             w - amulet of magic regeneration
HPRegen  0.21/turn              y - ring of insulation
MPRegen  0.31/turn              r - ring of positive energy

@: very slightly contaminated, invisible
A: breathe noxious fumes, unfitting armour, poison resistance, cold-blooded, AC
+6
a: Breathe Noxious Fumes, Depart the Abyss, Bend Space, Banish, Renounce
Religion


You were on level 5 of the Dungeon.
You worshipped Lugonu.
Lugonu was pleased with you.
You were hungry.

You visited 1 branch of the dungeon, and saw 5 of its levels.

You collected 319 gold pieces.
You spent 45 gold pieces at shops.

Inventory:

Hand Weapons
 a - a +2 whip of freezing (weapon)
 b - a +0 blowgun
Missiles
 A - 441 arrows
Armour
 c - a +1 hat (worn)
 d - a +1 pair of boots (worn)
 D - a cursed +0 medium shield (worn)
Jewellery
 r - a ring of positive energy (right hand)
 w - an amulet of magic regeneration (around neck)
 y - a ring of insulation (left hand)
Wands
 g - a wand of scattershot (7)
 h - a wand of disintegration (5)
Scrolls
 f - 2 scrolls of revelation
 i - 2 scrolls of identify
 k - 2 scrolls of remove curse
 m - a scroll of amnesia {unknown}
 n - 2 scrolls of teleportation {unknown}
 p - 3 scrolls of noise {unknown}
 q - a scroll of enchant weapon {unknown}
 u - a scroll of fear {unknown}
 v - 4 scrolls of enchant armour {unknown}
 x - a scroll of fog {unknown}
Potions
 l - a potion of brilliance
 o - a potion of resistance {unknown}
 s - a potion of lignification {unknown}
 t - 2 potions of magic {unknown}
 z - a potion of mutation {unknown}
Comestibles
 e - 9 rations {!d}
 C - 3 chunks of flesh


   Skills:
 - Level 5.0 Fighting
 + Level 3.2 Maces & Flails
 - Level 4.0 Dodging
 - Level 3.0 Stealth
 + Level 2.9 Shields
 + Level 6.9 Invocations
 - Level 5.0 Evocations


You had 7 spell levels left.
You didn't know any spells.
Your spell library was empty.

Dungeon Overview and Level Annotations

Branches:
Dungeon (5/12)
 Temple: D:4-7

Altars:
Ashenzari
Dithmenos
Lugonu
Nemelex Xobeh

Shops:
D:4 [

Annotations:
D:2 1 runed door


Innate Abilities, Weirdness & Mutations

You can breathe blasts of noxious fumes.
Your lurid green scales are hard. (AC +6)
You cannot fit into any form of body armour.
Your system is resistant to poisons. (rPois)
You are cold-blooded and may be slowed by cold attacks.


Message History

The hippogriff claws you but does no damage.
You catch the helpless hippogriff completely off-guard!
You hit the hippogriff. You freeze the hippogriff.
The hippogriff is severely wounded.
The hippogriff bites you.
* * * LOW HITPOINT WARNING * * *
The hippogriff closely misses you. The hippogriff claws you.
* * * LOW HITPOINT WARNING * * *
You feel better. You block the hippogriff's attack. The hippogriff pecks you.
* * * LOW HITPOINT WARNING * * *
The hippogriff claws you but does no damage.
You barely miss the hippogriff.
The hippogriff is severely wounded.
You block the hippogriff's attack. The hippogriff pecks you.
* * * LOW HITPOINT WARNING * * *
You block the hippogriff's attack.
You hit the hippogriff. You freeze the hippogriff.
The hippogriff is severely wounded.
The hippogriff bites you!
You die...

#...#.# ###.#.# #.#.# # ##
#....?Y... #.#.# #. .#
#....Oo... #.#.# #.## ##.#
#......... #.#.#.#..## ##..#
#......... #.#.#.##..## ##..##
#......... #.#.#.#.#..###..#.#
#./.......
#<#.#.##.#..#H@#)#####.....Y...
####)#.#.#)#...#.#†.............
#.)..#.####.#.####..#.#.........
#.####.###.#..# #..#...........
#>#..........## #.#............
#.#()........#####..†...########
#.......................#
#.)..............)......#
#....#####....)........... ####


You could see a hippogriff.

Vanquished Creatures
  Pikel (D:4)
  Eustachio (D:4)
  Sigmund (D:3)
  3 phantoms
  A sky beast (D:5)
  A necrophage (D:5)
  2 centaurs (D:5)
  2 orc priests
  A bullfrog zombie (D:5)
  3 hounds
  Terence (D:2)
  A worker ant (D:5)
  3 worms
  4 dart slugs
  3 leopard geckos
  8 orcs
  2 giant cockroaches (D:2)
  4 hobgoblins
  4 jackals
  4 kobolds
  A ball python (D:2)
  8 bats
  3 frilled lizards
  8 goblins
  A jackal skeleton (D:4)
  4 rats
75 creatures vanquished.

Notes
Turn   | Place    | Note
-------+----------+-------------------------------------------
     0 | D:1      | Finalfun the Draconian Archaeologist began the quest for
                  | the Orb.
     0 | D:1      | Reached XP level 1. HP: 16/16 MP: 1/1
   250 | D:1      | Reached XP level 2. HP: 19/23 MP: 2/2
   942 | D:2      | Reached XP level 3. HP: 28/28 MP: 3/3
   946 | D:2      | Found a shattered altar of Ashenzari.
   976 | D:2      | Found a corrupted altar of Lugonu.
  1018 | D:2      | Became a worshipper of Lugonu the Unformed
  1066 | D:2      | Found a shadowy altar of Dithmenos.
  1818 | D:2      | Noticed Terence
  1834 | D:2      | Killed Terence
  1835 | D:2      | Reached XP level 4. HP: 37/37 MP: 4/4
  1871 | D:2      | Found a runed door.
  2170 | D:3      | Found a sparkling altar of Nemelex Xobeh.
  2184 | D:3      | Noticed Sigmund
  2568 | D:3      | Reached ** piety under Lugonu
  2742 | D:3      | Killed Sigmund
  2743 | D:3      | Reached skill level 5 in Fighting
  2743 | D:3      | Reached skill level 1 in Invocations
  2743 | D:3      | Reached XP level 5. HP: 17/48 MP: 4/6
  2743 | D:3      | Identified a scroll of acquirement
  2758 | D:3      | Reached skill level 2 in Invocations
  2758 | D:3      | Reached XP level 6. HP: 30/56 MP: 5/7
  2824 | D:3      | Identified the ring of Satisfaction {Fire +Blink rPois
                  | Str+4 Dex+4} (You acquired it on level 3 of the Dungeon)
  2984 | D:4      | Found Puasoeliky's Armour Boutique.
  3083 | D:4      | Noticed Eustachio
  3217 | D:4      | Reached skill level 3 in Invocations
  3217 | D:4      | Reached skill level 1 in Evocations
  3327 | D:4      | Killed Eustachio
  3328 | D:4      | Reached skill level 4 in Invocations
  3328 | D:4      | Your scales start taking on a lurid green colour.
  3328 | D:4      | Reached XP level 7. HP: 58/61 MP: 8/10
  3328 | D:4      | Gained mutation: Your system is resistant to poisons.
                  | (rPois) [Green Draconian growth]
  3526 | D:4      | Noticed Pikel
  3555 | D:4      | Killed Pikel
  3556 | D:4      | Reached skill level 6 in Invocations
  3556 | D:4      | Reached XP level 8. HP: 60/68 MP: 10/12
  3619 | D:4      | Bought a cursed +0 medium shield for 45 gold pieces
  3661 | D:5      | Entered Level 5 of the Dungeon
  3910 | D:5      | Reached skill level 1 in Shields
  3910 | D:5      | Reached skill level 5 in Evocations
  4337 | D:5      | Noticed a hippogriff
  4373 | D:5      | Slain by a hippogriff

Skill      XL: |  1  2  3  4  5  6  7  8 |
---------------+-------------------------+-----
Dodging        | 3 4 |  4.0
Fighting       | 2 5 |  5.0
Invocations    | 1 2 4 6 |  6.9
Evocations     | 2 4 5 |  5.0
Shields        | 2 |  2.9
Maces & Flails | 3 |  3.2
Stealth        | |  3.0

Action                   |  1- 3 |  4- 6 |  7- 9 || total
-------------------------+-------+-------+-------++-------
Melee: Whip              |    68 |       |   159 ||   227
       Tailslap          |    15 |     9 |    24 ||    48
       Dagger            |    79 |   134 |    41 ||   254
 Fire: Blowgun           |     1 |     5 |       ||     6
 Abil: Breathe Noxious F |       |       |     1 ||     1
Evoke: Wand              |       |     9 |       ||     9
  Use: Scroll            |     4 |     2 |       ||     6
       Potion            |       |     1 |     3 ||     4
 Stab: Sleeping          |     7 |     1 |     1 ||     9
       Confused          |       |       |     1 ||     1
       Invisible         |       |       |     2 ||     2
  Eat: Chunk             |     6 |     7 |     7 ||    20
       Ration            |       |       |     1 ||     1
Armor: Skin              |    43 |    38 |   104 ||   185
Dodge: Dodged            |    96 |    78 |    60 ||   234
Block: Medium shield     |       |       |    59 ||    59
